 Seeded DCSS version 0.30.1-4-g462c640d31 (webtiles) character file.

Game seed: 2842366465528096812 (custom seed)

6284 Psyclone the Tainter (level 10, -8/72 HPs)
             Began as an Octopode Venom Mage on Sept 18, 2023.
             Was an Initiate of Gozag.
             Mangled by a centaur warrior (13 damage)
             ... on level 9 of the Dungeon.
             The game lasted 00:20:41 (8421 turns).

Psyclone the Tainter (Octopode Venom Mage)          Turns: 8421, Time: 00:20:42

Health: -8/72      AC:  1    Str: 10    XL:     10   Next: 94%
Magic:  15/18      EV: 16    Int: 22    God:    Gozag
Gold:   1362       SH:  0    Dex: 12    Spells: 13/20 levels left

rFire   . . .        a - +5 dagger (freeze)
rCold   + . .        (no shield)
rNeg    + . .        (helmet restricted)
rPois   .            h - amulet of regeneration
rElec   .            j - ring of Igirchir {rC+ rN+ Str+2 Slay+4}
rCorr   .            q - ring of flight
SInv    .            (no ring)
Will    .....        (no ring)
Stlth   +++++        (no ring)
HPRegen 1.12/turn    (no ring)
MPRegen 0.16/turn    (no ring)
                     (no ring)

%: no passive effects
@: flying
A: almost no armour, amphibious, 8 rings, camouflage 1, gelatinous body 1,
(nimble swimmer 1), tentacles
a: Renounce Religion, Potion Petition, Call Merchant, Bribe Branch


You were on level 9 of the Dungeon.
You worshipped Gozag.
Gozag was most pleased with you.
You visited 2 branches of the dungeon, and saw 10 of its levels.

You collected 1409 gold pieces.
You paid 47 gold pieces to Gozag.

Inventory:

Hand Weapons
 a - a +5 dagger of freezing (weapon)
 s - the +8 hand axe of Duhafonwoe {spect, rPois}
   (You found it on level 4 of the Dungeon)

   rPois:     It protects you from poison.
Jewellery
 h - an amulet of regeneration (around mantle)
 j - the ring of Igirchir (left tentacle) {rC+ rN+ Str+2 Slay+4}
   (You acquired it on level 2 of the Dungeon)

   [ring of slaying]

   Str:       It affects your strength (+2).
   Slay:      It affects your accuracy & damage with ranged weapons and melee
   (+4).
   rC:        It protects you from cold.
   rN:        It protects you from negative energy.
 o - a ring of fire
 q - a ring of flight (right tentacle)
Wands
 d - a wand of paralysis (1)
 w - a wand of roots (7)
 C - a wand of digging (4)
Scrolls
 c - 2 scrolls of fear {unknown}
 e - 9 scrolls of teleportation {unknown}
 f - 5 scrolls of magic mapping {unknown}
 k - 2 scrolls of noise {unknown}
 l - 6 scrolls of identify {unknown}
 m - a scroll of amnesia {unknown}
 u - a scroll of vulnerability {unknown}
 v - 3 scrolls of enchant weapon {unknown}
 x - a scroll of enchant armour {unknown}
 y - 3 scrolls of poison {unknown}
 z - 3 scrolls of fog {unknown}
Potions
 b - 2 potions of attraction {unknown}
 g - 2 potions of degeneration {unknown}
 i - 3 potions of heal wounds
 n - 3 potions of curing {unknown}
 p - a potion of haste {unknown}
 r - a potion of ambrosia {unknown}
 t - 2 potions of brilliance {unknown}
 A - 2 potions of magic
 B - 2 potions of cancellation {unknown}


   Skills:
 - Level 8.0 Fighting
 - Level 6.0 Short Blades
 - Level 8.0 Dodging
 - Level 8.0 Stealth
 + Level 5.8 Spellcasting
 - Level 1.8 Transmutations
 - Level 8.0 Poison Magic


You had 13 spell levels left.
You knew the following spells:

 Your Spells              Type           Power      Damage    Failure   Level
a - Poisonous Vapours     Pois/Air       48%        N/A       2%          2
b - Sting                 Tmut/Pois      100%       1d8       1%          1
x - Olgreb's Toxic Radia  Pois           41%        N/A       3%          4

Your spell library contained the following spells:

 Spells                   Type           Power      Damage    Failure   Level
 Sandblast                Erth           12%        2d6       10%         1
 Passwall                 Tmut/Erth      8%         N/A       10%         2
 Mephitic Cloud           Conj/Pois/Air  18%        N/A       10%         3
 Stone Arrow              Conj/Erth      12%        3d7       28%         3


Dungeon Overview and Level Annotations

Branches:
Dungeon (9/15) Zot: 26496  Temple (1/1) D:4 Zot: 5885    Lair (0/5) D:8
    Orc: D:9-12

Altars:
Ashenzari
Cheibriados
Dithmenos
Elyvilon
Fedhas
Gozag
Hepliaklqana
Kikubaaqudgha
Makhleb
Nemelex Xobeh
Okawaru
Qazlal
Ru
Sif Muna
Trog
Uskayaw
Vehumet
Wu Jian
Xom
Yredelemnul
Zin
The Shining One

Shops:
D:2 [(*   D:5 [

Annotations:
D:7 3 runed translucent doors, Cwest1230's ghost, novice DsNe
D:8 6 transporters, Zeor's ghost, novice DrRe


Innate Abilities, Weirdness & Mutations

You cannot wear most types of armour.
You are amphibious.
You can wear up to eight rings at the same time.
Your skin changes colour to match your surroundings (Stealth+).
Your rubbery body absorbs attacks. (AC +1, EV +1)
((You are camouflaged when in or above water. (Stealth+)))
You have tentacles for arms and can constrict up to eight enemies at once.


Message History

You take 26 damage, and have 46/72 hp.
MASSIVE DAMAGE!!
You now have 16/18 mp.
Casting: Poisonous Vapours (safe; 2% risk of failure)
Confirm with . or Enter, or press ? or * to list all spells.
Aiming: Poisonous Vapours (safe; 2% risk of failure)
Press: ? - help, Dir - move target, f/p - centaur warrior
Aim: a centaur warrior, wielding a +3 shortbow (very poisoned) Poisonous vapours surround the centaur warrior!
The centaur warrior looks as sick as possible!
The centaur warrior shoots an arrow.
The arrow hits you!!
You take 22 damage, and have 24/72 hp.
MASSIVE DAMAGE!!
You now have 14/18 mp.
You reach down and close the door.
You start resting.
Something unseen opens the door.
A troll comes into view.
The centaur warrior unwields a +3 shortbow.
The centaur warrior barely misses you. The centaur warrior kicks you.
The troll moves out of view.
There is an open door, spattered with blood here.
You take 1 damage, and have 26/72 hp.
You puncture the centaur warrior! You freeze the centaur warrior.
You squeeze the centaur warrior.
The centaur warrior is moderately wounded.
The centaur warrior hits you!
* * * LOW HITPOINT WARNING * * *
The centaur warrior kicks you.
* * * LOW HITPOINT WARNING * * *
You take 13 damage, and have 13/72 hp.
The troll shouts!
You hit the centaur warrior. You freeze the centaur warrior.
You squeeze the centaur warrior.
The centaur warrior is heavily wounded.
The centaur warrior hits you!
* * * LOW HITPOINT WARNING * * *
The centaur warrior kicks you.
* * * LOW HITPOINT WARNING * * *
You take 9 damage, and have 4/72 hp.
You hit the centaur warrior. You freeze the centaur warrior.
The centaur warrior is severely wounded.
The centaur warrior hits you!
You die...
Your body crumbles into a pile of gold.

##.#.#.##.# #...
.##.⌠.##..# #..~
...⌠⌠⌠...⌠+ ..≈
.##.⌠.##..# # ..~
##.#.#.##.#. .#
#.##.##.####T .#
###...####.##.#####.#
##..⌠..##...##.c...#
.###+###..#..###@###..#.
.........###............
########## #############


You could see a centaur warrior (very poisoned) and a troll.

Vanquished Creatures
  A two-headed ogre (D:9)
  Maurice (D:8)
  Maggie (D:7)
  A komodo dragon (D:8)
  3 hornets
  Grinder (D:3)
  A wraith (D:9)
  A wyvern (D:8)
  2 basilisks (D:8)
  A steam dragon (D:8)
  An orc warrior (D:7)
  3 black bears
  3 ogres
  2 centaurs
  2 phantoms
  2 kobold brigands
  6 bullfrogs
  A gnoll sergeant (D:8)
  A scorpion (D:6)
  14 wights
  2 howler monkeys (D:7)
  A jelly (D:6)
  3 hounds
  A centaur skeleton (D:4)
  3 orc priests
  3 sleepcaps
  A scorpion zombie (D:4)
  3 iguanas
  7 orc wizards
  Natasha (thrice) (D:3)
  A hound zombie (D:4)
  2 hound skeletons (D:4)
  7 gnolls
  A howler monkey skeleton (D:4)
  6 adders
  2 white imps
  An ufetubus (D:7)
  An adder zombie (D:4)
  An adder skeleton (D:4)
  A worm (D:3)
  3 dart slugs
  22 orcs
  2 bats (D:1)
  8 endoplasms
  4 giant cockroaches
  6 goblins
  8 hobgoblins
  5 jackals
  11 kobolds
  5 quokkas
  4 ball pythons
  3 frilled lizards
  A quokka zombie (D:4)
  2 rats
182 creatures vanquished.

Notes
Turn   | Place    | Note
-------+----------+-------------------------------------------
     0 | D:1      | Psyclone the Octopode Venom Mage began the quest for the
                  | Orb.
     0 | D:1      | Reached XP level 1. HP: 11/11 MP: 3/3
   216 | D:1      | Reached XP level 2. HP: 11/17 MP: 5/5
   571 | D:2      | Found an ornate altar of the Wu Jian Council.
   727 | D:2      | Reached XP level 3. HP: 21/21 MP: 6/6
   915 | D:2      | Identified a scroll of acquirement
   915 | D:2      | Acquired the ring of Igirchir {rC+ rN+ Str+2 Slay+4}
   922 | D:2      | Found Ebrec's Antique Weapon Shoppe.
  1018 | D:2      | Found a faded altar of an unknown god.
  1084 | D:2      | Found Lapoggae's General Store.
  1157 | D:2      | Found Leiddamu's Antique Armour Emporium.
  1527 | D:3      | Noticed Natasha
  1530 | D:3      | Killed Natasha
  1531 | D:3      | Reached XP level 4. HP: 27/27 MP: 7/7
  1612 | D:3      | Found an ornate altar of the Wu Jian Council.
  1664 | D:3      | Noticed Grinder
  1680 | D:3      | Paralysed by Grinder for 5 turns
  1687 | D:3      | Killed Grinder
  1688 | D:3      | Reached XP level 5. HP: 6/31 MP: 7/10
  1688 | D:3      | Reached XP level 6. HP: 8/36 MP: 7/11
  1769 | D:3      | Noticed Natasha
  1773 | D:3      | Killed Natasha
  1809 | D:3      | Found a sparkling altar of Nemelex Xobeh.
  1817 | D:3      | Learned a level 2 spell: Poisonous Vapours
  1822 | D:3      | Learned a level 4 spell: Olgreb's Toxic Radiance
  1850 | D:3      | Noticed Natasha
  1858 | D:3      | Killed Natasha
  2207 | D:4      | Reached skill level 1 in Short Blades
  2246 | D:4      | Found a staircase to the Ecumenical Temple.
  2263 | Temple   | Entered the Ecumenical Temple
  2270 | Temple   | Became a worshipper of Gozag Ym Sagoz the Greedy
  2462 | D:4      | Identified the +8 hand axe of Duhafonwoe {spect, rPois}
  2482 | D:4      | Reached XP level 7. HP: 39/41 MP: 13/13
  3314 | D:5      | Entered Level 5 of the Dungeon
  3473 | D:5      | Reached XP level 8. HP: 46/46 MP: 14/14
  3998 | D:5      | Found Fionn's Antique Armour Emporium.
  4519 | D:6      | Reached skill level 5 in Dodging
  5274 | D:7      | Reached XP level 9. HP: 51/51 MP: 10/15
  5483 | D:7      | Noticed a hornet
  5517 | D:7      | Killed a hornet
  5618 | D:7      | Noticed a hornet
  5620 | D:7      | Reached skill level 5 in Short Blades
  5703 | D:7      | Killed a hornet
  5795 | D:7      | Reached skill level 1 in Fighting
  6164 | D:7      | Found a runed translucent gate.
  6165 | D:7      | Found a runed translucent gate.
  6165 | D:7      | Found a runed translucent gate.
  6165 | D:7      | Noticed a spectral unseen horror
  6169 | D:7      | Noticed Cwest1230's ghost (novice DsNe)
  6299 | D:7      | Noticed Maggie
  6314 | D:7      | Killed Maggie
  6315 | D:7      | Reached skill level 5 in Fighting
  6315 | D:7      | Reached XP level 10. HP: 67/67 MP: 5/16
  6599 | D:8      | Found a transporter.
  6606 | D:8      | Found a transporter.
  6735 | D:8      | Found a transporter.
  6738 | D:8      | Found a transporter.
  6812 | D:8      | Noticed a two-headed ogre
  6813 | D:8      | Found a bloodstained altar of Trog.
  6813 | D:8      | Noticed a moth of wrath
  6813 | D:8      | Noticed Zeor's ghost (novice DrRe)
  6915 | D:8      | Found a burning altar of Makhleb.
  6925 | D:8      | Found a broken altar of Ashenzari.
  6926 | D:8      | Found a stormy altar of Qazlal.
  6927 | D:8      | Found a glowing silver altar of Zin.
  6928 | D:8      | Found a sacrificial altar of Ru.
  7202 | D:8      | Found a staircase to the Lair.
  7369 | D:8      | Noticed Maurice
  7447 | D:8      | Paralysed by something for 4 turns
  7459 | D:8      | Paralysed by Maurice for 5 turns
  7466 | D:8      | Killed Maurice
  7637 | D:8      | Found a transporter.
  7784 | D:8      | Found a transporter.
  8230 | D:9      | Noticed a two-headed ogre
  8244 | D:9      | Killed a two-headed ogre
  8245 | D:9      | Reached skill level 5 in Spellcasting
  8412 | D:9      | Noticed a centaur warrior
  8421 | D:9      | Mangled by a centaur warrior

Illustrated notes

Levels and vault maps discovered:
D:1:      heliophobic_arrival_enchanted_forest, layout_rooms
D:2:      layout_loops_ring, serial_shops, shop, nicolae_square_shop, shop,
          basic_altar, shapermc_ecumenical_altar_starsandcircs,
          minmay_misc_feat_iff, kennysheep_doodads, minivault_19
D:3:      layout_loops_ring, nemelex_xobeh_ov_fountains_minmay,
          mainiacjoe_overflow_brackets, uniq_natasha, uniq_grinder
D:4:      layout_loops_corners, minmay_temple_entry_arrows, serial_undead,
          serial_undead_b, serial_undead_c, serial_undead_d, serial_undead_e,
          abandoned_shop
D:5:      nicolae_BIG_FREAKIN_CUBE, layout_basic, serial_shops, shop
D:6:      layout_basic, kennysheep_generic_room_13
D:7:      layout_loops_ring, gammafunk_ghost_necromancy, uniq_maggie
D:8:      layout_basic, minitemple, erik_lair_dragon,
          gammafunk_ghost_wrathful_warriors, nicolae_transporter_intersection,
          uniq_maurice
D:9:      minmay_the_grid_octo_2x2 [minmay_the_grid_octo_fat_diamond,
          minmay_the_grid_octo_checkered, minmay_the_grid_octo_clover_2,
          minmay_the_grid_octo_prize_single_spiral], layout_basic, erik_orc_1
Temple:   nicolae_temple_superstar

Skill      XL: |  1  2  3  4  5  6  7  8  9 10 |
---------------+-------------------------------+-----
Stealth        | 3 8 |  8.0
Poison Magic   | 4 6 7 8 |  8.0
Spellcasting   | 3 4 5 |  5.8
Short Blades   | 2 4 6 |  6.0
Dodging        | 7 8 |  8.0
Fighting       | 5 8 |  8.0
Transmutations | |  1.8

Action                     |  1- 3 |  4- 6 |  7- 9 | 10-12 || total
---------------------------+-------+-------+-------+-------++-------
  Melee: Unarmed           |     9 |       |       |       ||     9
         Dagger            |    52 |    54 |   168 |    91 ||   365
         Constrict         |    15 |    15 |    40 |    16 ||    86
         Tentacles         |    11 |    16 |    52 |    37 ||   116
         Punch             |       |     1 |     2 |       ||     3
   Cast: Sting             |    19 |       |       |       ||    19
         Olgreb's Toxic Ra |       |     1 |    14 |     7 ||    22
         Poisonous Vapours |       |       |    49 |    33 ||    82
    Use: Scroll            |     1 |       |       |       ||     1
   Stab: Sleeping          |     8 |     2 |     7 |     3 ||    20
 Armour: Skin              |     4 |     2 |     9 |       ||    15
  Dodge: Dodged            |    35 |    24 |    97 |    37 ||   193
